Lightning vs Hurricanes

Created - Tuesday, January 27, 2015 at 23:52

Goals
1 2 3 T
Lightning 0 1 0 1
Hurricanes 1 0 1 2
Shots
1 2 3 T
Lightning 3 14 12 29
Hurricanes 11 10 16 37

1st period

1. Hurricanes , Francois Beauchemin 3 (Radim Vrbata, Mikhail Grabovski) at 6:40

Penalties :
Dmitry Kulikov (TB ) for Boarding (Minor) at 1:56, Dave Bolland (TB ) for Tripping (Minor) at 5:41, Fedor Tyutin (Car) for Interference (Minor) at 6:16, Francois Beauchemin (Car) for Roughing (Minor) at 12:14, Roman Polak (TB ) for Tripping (Minor) at 15:22

2nd period

2. Lightning , Jiri Tlusty 12 (Ryan Nugent-Hopkins, Alex Chiasson) at 19:39

Penalties :
Dave Bolland (TB ) for Hooking (Minor) at 8:27, Stephen Gionta (Car) for Slashing (Minor) at 10:52, Brandon Dubinsky (TB ) for High sticking (Minor) at 12:13, Matt Calvert (TB ) for Holding (Minor) at 19:56

3rd period

3. Hurricanes , Mikhail Grabovski 6 (Dan Girardi, Marian Gaborik) at 8:48

Penalties :
Roman Polak (TB ) for High sticking (Minor) at 2:38, Adam Henrique (Car) for Tripping (Minor) at 9:09, Dave Bolland (TB ) for Roughing (Minor) at 17:34

Goalie Stats

Carey Price (TB ), 35 saves from 37 shots - (0.946), L, 25-14-8, 60:00 minutes
Brian Elliott (Car), 28 saves from 29 shots - (0.966), W, 31-6-4, 60:00 minutes

Players Stats for Lightning

Player Name              G  A  P  +/- PIM S  H  SB GA TA FO     MP     PP MP  PK MP  
------------------------------------------------------------------------------------
Alex Chiasson            0  1  1   1  0   4  0  0  1  0  0/1    13:01   2:12   0:00 
Brandon Dubinsky         0  0  0  -1  2   1  0  1  2  1  13/24  19:13   3:07   6:23 
Dave Bolland             0  0  0   0  6   0  0  0  0  0  7/12   10:37   0:34   0:00 
Dmitry Kulikov           0  0  0   0  2   2  1  4  1  3  0/0    24:37   2:26   5:40 
Erik Condra              0  0  0   0  0   1  0  0  0  0  0/0     8:00   0:00   0:00 
Jiri Tlusty              1  0  1   1  0   3  1  0  0  0  0/0    13:01   2:12   0:00 
John Mitchell            0  0  0   0  0   3  1  0  1  1  9/11   15:44   0:00   6:31 
Marc Methot              0  0  0  -1  0   2  0  0  0  2  0/0    22:11   3:28   6:52 
Matt Calvert             0  0  0   0  2   1  0  1  2  0  0/0     9:47   0:00   0:00 
Mattias Ekholm           0  0  0   0  0   2  0  1  1  0  0/0    12:49   0:00   0:00 
Michael Stone            0  0  0  -1  0   1  1  2  0  1  0/0    23:09   3:28   8:27 
Nikolai Kulemin          0  0  0   0  0   0  1  1  1  1  0/0    17:21   0:00   6:51 
Ondrej Palat             0  0  0  -2  0   0  2  0  0  0  0/1    12:55   3:42   0:00 
Patrick Marleau          0  0  0  -1  0   4  2  0  7  1  2/3    20:16   3:08   7:19 
Roman Polak              0  0  0   0  4   2  0  0  0  2  0/0    19:32   0:00   6:03 
Ryan Nugent-Hopkins      0  1  1   0  0   2  0  1  2  0  4/8    15:31   2:46   0:36 
Shawn Matthias           0  0  0   0  0   1  0  0  0  0  0/0     8:00   0:00   0:00 
Tyson Barrie             0  0  0   0  0   0  0  0  0  1  0/0    18:16   2:26   0:38 

Players Stats for Hurricanes

Player Name              G  A  P  +/- PIM S  H  SB GA TA FO     MP     PP MP  PK MP  
------------------------------------------------------------------------------------
Adam Henrique            0  0  0   0  2   1  0  0  0  0  1/3    16:56   7:00   0:00 
Brian Flynn              0  0  0   0  0   4  1  0  2  0  0/0    12:12   0:00   2:59 
Dan Girardi              0  1  1   1  0   1  3  1  0  2  0/0    22:14   6:35   1:08 
Fedor Tyutin             0  0  0   1  2   3  2  1  0  1  0/0    20:05   6:34   0:00 
Francois Beauchemin      1  0  1   1  2   5  1  1  0  2  0/0    21:21   7:15   2:22 
Jiri Hudler              0  0  0   0  0   4  1  0  2  0  0/1    16:13   7:00   0:00 
Marian Gaborik           0  1  1   0  0   2  1  0  6  0  0/2    16:59   6:34   0:00 
Mark Arcobello           0  0  0   0  0   1  0  0  1  0  5/11   12:12   0:00   2:49 
Marty Havlat             0  0  0   0  0   2  0  0  1  0  0/0     9:21   0:00   0:00 
Mason Raymond            0  0  0   0  0   1  0  0  2  1  0/0    12:12   0:00   2:49 
Mike Fisher              0  0  0   0  0   3  2  0  6  0  4/18   17:43   7:00   0:48 
Mikhail Grabovski        1  1  2   1  0   1  1  0  0  0  10/17  18:41   6:50   0:06 
Nate Prosser             0  0  0  -1  0   0  0  2  0  0  0/0    17:01   0:00   2:24 
Radim Vrbata             0  1  1   1  0   4  0  0  2  0  0/1    18:41   6:50   0:06 
Stephen Gionta           0  0  0   0  2   0  1  0  1  0  5/7    11:39   0:16   2:11 
Thomas Hickey            0  0  0   1  0   2  4  1  0  2  0/0    23:53   7:15   3:30 
Viktor Stalberg          0  0  0   0  0   1  1  0  2  0  0/0     7:36   0:00   0:00 
Zbynek Michalek          0  0  0  -1  0   2  0  4  0  1  0/0    17:01   0:00   2:24 

3 Stars

1 - Brian Elliott (Car)
2 - Mikhail Grabovski (Car)
3 - Carey Price (TB )

Power Play

Lightning - 0 on 4 Attempt(s) - 0.00%
Hurricanes - 0 on 8 Attempt(s) - 0.00%

Penalty Kill

Lightning - 8 on 8 Attempt(s) - 100.00% - Score 0 goal in Penalty Kill
Hurricanes - 4 on 4 Attempt(s) - 100.00% - Score 0 goal in Penalty Kill

Team Stat

Lightning - Hits : 9 - Faceoff Wins : 35 - Blocked Shots : 11 - Penalty Minutes : 16
Hurricanes - Hits : 18 - Faceoff Wins : 25 - Blocked Shots : 10 - Penalty Minutes : 8

Official

Referees : Unknown
Linesman : Unknown

Game Notes

No Game Note

Finance

Level 1 -- Attendance: 5449 (90.82%) -- Ticket Income $463,165
Level 2 -- Attendance: 4697 (93.94%) -- Ticket Income $225,456
Level 3 -- Attendance: 1774 (88.70%) -- Ticket Income $49,672
Level 4 -- Attendance: 3703 (92.58%) -- Ticket Income $48,139
Luxury Box -- Attendance: 1000 (100.00%) -- Ticket Income $180,000
Game was played at the RBC Arena'
Total Attendance: 16623 (92.35%)
Total Ticket Income: $966,432
Other Income: $473,552
Total Income: $1,439,984

Lightning

5 vs 5 Forward 
   Center                   Left Wing                Right Wing               Time % Phy DF OF 
 1 Brandon Dubinsky         Ondrej Palat             Patrick Marleau          30     1   2  2  
 2 Ryan Nugent-Hopkins      Jiri Tlusty              Alex Chiasson            30     0   2  3  
 3 Dave Bolland             Matt Calvert             Nikolai Kulemin          25     1   3  1  
 4 John Mitchell            Shawn Matthias           Erik Condra              15     1   3  1  

5 vs 5 Defense 
   Defense                  Defense                                           Time % Phy DF OF 
 1 Dmitry Kulikov           Tyson Barrie                                      34     1   2  2  
 2 Marc Methot              Michael Stone                                     33     1   2  2  
 3 Roman Polak              Mattias Ekholm                                    33     1   2  2  
 4 Dmitry Kulikov           Tyson Barrie                                      0      1   2  2  

PowerPlay Forward 
   Center                   Left Wing                Right Wing               Time % Phy DF OF 
 1 Brandon Dubinsky         Ondrej Palat             Patrick Marleau          50     0   1  4  
 2 Ryan Nugent-Hopkins      Jiri Tlusty              Alex Chiasson            50     0   1  4  

PowerPlay Defense
   Defense                  Defense                                           Time % Phy DF OF 
 1 Dmitry Kulikov           Tyson Barrie                                      60     1   2  2  
 2 Marc Methot              Michael Stone                                     40     1   2  2  

Penalty Kill 4 Players Forward 
   Center                   Wing                     Time % Phy DF OF 
 1 John Mitchell            Nikolai Kulemin          50     1   4  0  
 2 Brandon Dubinsky         Patrick Marleau          50     1   4  0  

Penalty Kill 4 Players Defense
   Defense                  Defense                  Time % Phy DF OF 
 1 Marc Methot              Dmitry Kulikov           50     1   4  0  
 2 Michael Stone            Roman Polak              50     1   4  0  

Penalty Kill - 3 Players Forward 
   Forward                                           Time % Phy DF OF 
 1 John Mitchell                                     50     1   4  0  
 2 Brandon Dubinsky                                  50     1   4  0  

Penalty Kill - 3 Players Defense
   Defense                  Defense                  Time % Phy DF OF 
 1 Marc Methot              Dmitry Kulikov           50     1   4  0  
 2 Michael Stone            Roman Polak              50     1   4  0  

4 vs 4 Forward 
   Center                   Wing                     Time % Phy DF OF 
 1 Brandon Dubinsky         Patrick Marleau          50     0   2  3  
 2 Ryan Nugent-Hopkins      Ondrej Palat             50     0   2  3  

4 vs 4 Defense
   Defense                  Defense                  Time % Phy DF OF 
 1 Dmitry Kulikov           Tyson Barrie             60     1   2  2  
 2 Marc Methot              Michael Stone            40     1   2  2  

Last Minutes Offensive
   Center                   Left Wing                Right Wing               Defense                  Defense                  
   Brandon Dubinsky         Ondrej Palat             Patrick Marleau          Dmitry Kulikov           Tyson Barrie             

Last Minutes Defensive
   Center                   Left Wing                Right Wing               Defense                  Defense                  
   Brandon Dubinsky         Patrick Marleau          Nikolai Kulemin          Roman Polak              Marc Methot              

Goaltenders
Starting : Carey Price              
Backup : Ben Scrivens             

Extra Forwards
Normal : Ondrej Palat, Patrick Marleau, Ryan Nugent-Hopkins - PP : Ondrej Palat, Patrick Marleau - PK : Nikolai Kulemin
Extra Defensemen
Normal : Dmitry Kulikov, Marc Methot, Tyson Barrie - PP : Dmitry Kulikov - PK : Marc Methot, Roman Polak
Penalty Shots
Patrick Marleau, Nikolai Kulemin, Ryan Nugent-Hopkins, Ondrej Palat, Jiri Tlusty

Hurricanes

5 vs 5 Forward 
   Center                   Left Wing                Right Wing               Time % Phy DF OF 
 1 Mike Fisher              Adam Henrique            Jiri Hudler              28     0   2  3  
 2 Mikhail Grabovski        Marian Gaborik           Radim Vrbata             27     0   2  3  
 3 Mark Arcobello           Mason Raymond            Marty Havlat             25     0   2  3  
 4 Stephen Gionta           Viktor Stalberg          Brian Flynn              20     0   2  3  

5 vs 5 Defense 
   Defense                  Defense                                           Time % Phy DF OF 
 1 Francois Beauchemin      Thomas Hickey                                     35     0   2  3  
 2 Dan Girardi              Fedor Tyutin                                      35     0   2  3  
 3 Zbynek Michalek          Nate Prosser                                      30     1   2  2  
 4 Francois Beauchemin      Thomas Hickey                                     0      0   2  3  

PowerPlay Forward 
   Center                   Left Wing                Right Wing               Time % Phy DF OF 
 1 Mike Fisher              Adam Henrique            Jiri Hudler              50     0   1  4  
 2 Mikhail Grabovski        Marian Gaborik           Radim Vrbata             50     0   1  4  

PowerPlay Defense
   Defense                  Defense                                           Time % Phy DF OF 
 1 Francois Beauchemin      Thomas Hickey                                     50     0   1  4  
 2 Dan Girardi              Fedor Tyutin                                      50     0   1  4  

Penalty Kill 4 Players Forward 
   Center                   Wing                     Time % Phy DF OF 
 1 Stephen Gionta           Brian Flynn              50     0   4  1  
 2 Mark Arcobello           Mason Raymond            50     0   4  1  

Penalty Kill 4 Players Defense
   Defense                  Defense                  Time % Phy DF OF 
 1 Zbynek Michalek          Nate Prosser             50     1   4  0  
 2 Francois Beauchemin      Thomas Hickey            50     1   4  0  

Penalty Kill - 3 Players Forward 
   Forward                                           Time % Phy DF OF 
 1 Stephen Gionta                                    50     0   5  0  
 2 Mark Arcobello                                    50     0   5  0  

Penalty Kill - 3 Players Defense
   Defense                  Defense                  Time % Phy DF OF 
 1 Zbynek Michalek          Nate Prosser             50     1   4  0  
 2 Francois Beauchemin      Thomas Hickey            50     1   4  0  

4 vs 4 Forward 
   Center                   Wing                     Time % Phy DF OF 
 1 Mike Fisher              Adam Henrique            50     0   2  3  
 2 Mikhail Grabovski        Radim Vrbata             50     0   2  3  

4 vs 4 Defense
   Defense                  Defense                  Time % Phy DF OF 
 1 Francois Beauchemin      Thomas Hickey            50     0   2  3  
 2 Dan Girardi              Fedor Tyutin             50     0   2  3  

Last Minutes Offensive
   Center                   Left Wing                Right Wing               Defense                  Defense                  
   Mike Fisher              Adam Henrique            Radim Vrbata             Francois Beauchemin      Fedor Tyutin             

Last Minutes Defensive
   Center                   Left Wing                Right Wing               Defense                  Defense                  
   Stephen Gionta           Adam Henrique            Brian Flynn              Zbynek Michalek          Francois Beauchemin      

Goaltenders
Starting : Brian Elliott            
Backup : Michal Neuvirth          

Extra Forwards
Normal : Mike Fisher, Radim Vrbata, Marian Gaborik - PP : Marian Gaborik, Radim Vrbata - PK : Stephen Gionta
Extra Defensemen
Normal : Dan Girardi, Fedor Tyutin, Thomas Hickey - PP : Dan Girardi - PK : Francois Beauchemin, Dan Girardi
Penalty Shots
Radim Vrbata, Marian Gaborik, Jiri Hudler, Mikhail Grabovski, Marty Havlat

% Time on Ice - Lightning

Lines # - Real PCT - Wanted PCT - Time Play
Normal Forward
1 - 24% - 30% - 9:18
2 - 30% - 30% - 11:39
3 - 24% - 25% - 9:17
4 - 21% - 15% - 8:00
Normal Defense
1 - 38% - 34% - 14:24
2 - 29% - 33% - 11:01
3 - 34% - 33% - 12:49
4 - 0% - 0% - 0:00
PP Forward
1 - 53% - 50% - 3:08
2 - 47% - 50% - 2:46
PP Defense
1 - 41% - 60% - 2:26
2 - 59% - 40% - 3:28
PK Forward
1 - 50% - 50% - 6:51
2 - 50% - 50% - 6:59
PK Defense
1 - 43% - 50% - 5:59
2 - 57% - 50% - 7:51
PK3 Forward
1 - 0% - 50%
2 - 0% - 50%
PK3 Defense
1 - 0% - 50%
2 - 0% - 50%
44 Forward
1 - 44% - 50% - 0:54
2 - 56% - 50% - 1:08
44 Defense
1 - 93% - 60% - 1:54
2 - 7% - 40% - 0:08
Last Minute Offensive  - 0:00
Last Minute Defensive  - 0:00
Total
Forward - 60:00
Defense - 60:00

% Time on Ice - Hurricanes

Lines # - Real PCT - Wanted PCT - Time Play
Normal Forward
1 - 28% - 28% - 10:50
2 - 27% - 27% - 10:27
3 - 24% - 25% - 9:21
4 - 20% - 20% - 7:36
Normal Defense
1 - 30% - 35% - 11:23
2 - 34% - 35% - 12:53
3 - 37% - 30% - 13:58
4 - 0% - 0% - 0:00
PP Forward
1 - 51% - 50% - 7:00
2 - 49% - 50% - 6:50
PP Defense
1 - 52% - 50% - 7:15
2 - 48% - 50% - 6:35
PK Forward
1 - 51% - 50% - 2:59
2 - 49% - 50% - 2:55
PK Defense
1 - 41% - 50% - 2:24
2 - 59% - 50% - 3:30
PK3 Forward
1 - 0% - 50%
2 - 0% - 50%
PK3 Defense
1 - 0% - 50%
2 - 0% - 50%
44 Forward
1 - 34% - 50% - 0:42
2 - 66% - 50% - 1:20
44 Defense
1 - 20% - 50% - 0:24
2 - 80% - 50% - 1:38
Last Minute Offensive  - 0:00
Last Minute Defensive  - 0:00
Total
Forward - 60:00
Defense - 60:00

Play by Play

1st period


0:01 of 1st period - Brandon Dubinsky wins face-off versus Mike Fisher in neutral zone.
0:16 of 1st period - Wrist shot by Mike Fisher.
0:16 of 1st period - Deflect By Jiri Hudler.
0:16 of 1st period - Stopped by Carey Price with a rebound.
0:18 of 1st period - Wrist shot by Mike Fisher.
0:18 of 1st period - Stopped by Carey Price with a rebound.
0:20 of 1st period - Snap shot by Mike Fisher.
0:20 of 1st period - Stopped by Carey Price with a rebound.
0:22 of 1st period - Slapshot by Francois Beauchemin.
0:22 of 1st period - Stopped by Carey Price without a rebound.
0:23 of 1st period - Ryan Nugent-Hopkins wins face-off versus Radim Vrbata in Lightning zone.
0:50 of 1st period - Wrist shot by Mikhail Grabovski.
0:50 of 1st period - Shot Misses the Net.
0:54 of 1st period - Wrist shot by Radim Vrbata.
0:54 of 1st period - Stopped by Carey Price without a rebound.
0:55 of 1st period - Dave Bolland wins face-off versus Mark Arcobello in Lightning zone.
1:56 of 1st period - Minor Penalty to Dmitry Kulikov for Boarding.
1:57 of 1st period - Brandon Dubinsky wins face-off versus Jiri Hudler in Lightning zone.
2:57 of 1st period - Dan Girardi is hit by Nikolai Kulemin and loses puck.
3:46 of 1st period - Michael Stone is hit by Mike Fisher and loses puck.
3:56 of 1st period - Penalty to Dmitry Kulikov is over, Dmitry Kulikov is back on ice.
4:13 of 1st period - Ryan Nugent-Hopkins is hit by Viktor Stalberg and loses puck.
4:53 of 1st period - Mark Arcobello is hit by Patrick Marleau and loses puck.
5:41 of 1st period - Minor Penalty to Dave Bolland for Tripping.
5:42 of 1st period - Brandon Dubinsky wins face-off versus Adam Henrique in Lightning zone.
5:42 of 1st period - Brandon Dubinsky is hit by Mike Fisher.
5:48 of 1st period - Wrist shot by Patrick Marleau.
5:48 of 1st period - Shot Misses the Net.
6:16 of 1st period - Minor Penalty to Fedor Tyutin for Interference.
6:17 of 1st period - Mikhail Grabovski wins face-off versus Ryan Nugent-Hopkins in Hurricanes zone.
6:34 of 1st period - Snap shot by Radim Vrbata.
6:34 of 1st period - Shot Blocked by Dmitry Kulikov.
6:36 of 1st period - Slapshot by Francois Beauchemin.
6:36 of 1st period - Deflect By Dmitry Kulikov.
6:36 of 1st period - Stopped by Carey Price with a rebound.
6:38 of 1st period - Wrist shot by Radim Vrbata.
6:38 of 1st period - Shot Hit the Post.
6:40 of 1st period - Slapshot by Francois Beauchemin.
6:40 of 1st period - Goal by Francois Beauchemin - Lightning : 0 - Hurricanes : 1.
6:41 of 1st period - Brandon Dubinsky wins face-off versus Adam Henrique in neutral zone.
7:39 of 1st period - Slapshot by Ryan Nugent-Hopkins.
7:39 of 1st period - Shot Misses the Net.
7:41 of 1st period - Penalty to Dave Bolland is over, Dave Bolland is back on ice.
7:55 of 1st period - Snap shot by Ondrej Palat.
7:55 of 1st period - Shot Misses the Net.
8:16 of 1st period - Penalty to Fedor Tyutin is over, Fedor Tyutin is back on ice.
9:15 of 1st period - Slapshot by Dmitry Kulikov.
9:15 of 1st period - Stopped by Brian Elliott without a rebound.
9:16 of 1st period - Mikhail Grabovski wins face-off versus Dave Bolland in Hurricanes zone.
9:35 of 1st period - Snap shot by Marian Gaborik.
9:35 of 1st period - Shot Blocked by Dmitry Kulikov.
9:37 of 1st period - Snap shot by Nate Prosser.
9:37 of 1st period - Shot Blocked by Nikolai Kulemin.
9:39 of 1st period - Slapshot by Zbynek Michalek.
9:39 of 1st period - Stopped by Carey Price without a rebound.
9:40 of 1st period - Mike Fisher wins face-off versus Ondrej Palat in Lightning zone.
10:14 of 1st period - Wrist shot by Brandon Dubinsky.
10:14 of 1st period - Shot Misses the Net.
10:48 of 1st period - Slapshot by Radim Vrbata.
10:48 of 1st period - Deflect By Mikhail Grabovski.
10:48 of 1st period - Shot Misses the Net.
10:48 of 1st period - Puck is out of play.
10:49 of 1st period - Mikhail Grabovski wins face-off versus Dave Bolland in Lightning zone.
11:36 of 1st period - Ryan Nugent-Hopkins is hit by Thomas Hickey and loses puck.
12:14 of 1st period - Minor Penalty to Francois Beauchemin for Roughing.
12:15 of 1st period - Stephen Gionta wins face-off versus Brandon Dubinsky in Hurricanes zone.
12:15 of 1st period - Stephen Gionta is hit by Patrick Marleau.
12:35 of 1st period - Snap shot by Patrick Marleau.
12:35 of 1st period - Shot Blocked by Nate Prosser.
13:13 of 1st period - Nate Prosser is hit by Dmitry Kulikov and loses puck.
13:37 of 1st period - Icing by Michael Stone.
13:38 of 1st period - Mark Arcobello wins face-off versus Brandon Dubinsky in Lightning zone.
14:14 of 1st period - Penalty to Francois Beauchemin is over, Francois Beauchemin is back on ice.
14:43 of 1st period - Snap shot by Matt Calvert.
14:43 of 1st period - Shot Blocked by Zbynek Michalek.
15:22 of 1st period - Minor Penalty to Roman Polak for Tripping.
15:23 of 1st period - Brandon Dubinsky wins face-off versus Mike Fisher in Lightning zone.
15:23 of 1st period - Brandon Dubinsky is hit by Dan Girardi.
15:38 of 1st period - Snap shot by Mike Fisher.
15:38 of 1st period - Deflect By Dmitry Kulikov.
15:38 of 1st period - Shot Misses the Net.
15:38 of 1st period - Puck is out of play.
15:39 of 1st period - John Mitchell wins face-off versus Mike Fisher in Lightning zone.
15:39 of 1st period - John Mitchell is hit by Jiri Hudler.
16:05 of 1st period - Slapshot by Fedor Tyutin.
16:05 of 1st period - Shot Blocked by Brandon Dubinsky.
17:22 of 1st period - Penalty to Roman Polak is over, Roman Polak is back on ice.
19:00 of 1st period - John Mitchell is hit by Thomas Hickey and loses puck.
19:07 of 1st period - Slapshot by Dmitry Kulikov.
19:07 of 1st period - Stopped by Brian Elliott with a rebound.
19:09 of 1st period - Snap shot by John Mitchell.
19:09 of 1st period - Stopped by Brian Elliott without a rebound.
19:10 of 1st period - Dave Bolland wins face-off versus Mike Fisher in Hurricanes zone.
19:24 of 1st period - Wrist shot by Jiri Hudler.
19:24 of 1st period - Deflect By Nikolai Kulemin.
19:24 of 1st period - Stopped by Carey Price with a rebound.
19:26 of 1st period - Slapshot by Dan Girardi.
19:26 of 1st period - Deflect By Jiri Hudler.
19:26 of 1st period - Stopped by Carey Price with a rebound.
19:28 of 1st period - Slapshot by Dan Girardi.
19:28 of 1st period - Shot Blocked by Matt Calvert.
19:34 of 1st period - Wrist shot by Mike Fisher.
19:34 of 1st period - Shot Misses the Net.
19:36 of 1st period - Snap shot by Fedor Tyutin.
19:36 of 1st period - Deflect By Tyson Barrie.
19:36 of 1st period - Stopped by Carey Price without a rebound.
19:37 of 1st period - Stephen Gionta wins face-off versus Brandon Dubinsky in Lightning zone.
Goals for this period are 0 for Lightning vs 1 for Hurricanes.
Shots for this period are 3 for Lightning vs 11 for Hurricanes.

2nd period


0:01 of 2nd period - Brandon Dubinsky wins face-off versus Mikhail Grabovski in neutral zone.
0:54 of 2nd period - Adam Henrique is hit by Jiri Tlusty and loses puck.
1:36 of 2nd period - Snap shot by Marty Havlat.
1:36 of 2nd period - Stopped by Carey Price with a rebound.
1:38 of 2nd period - Slapshot by Francois Beauchemin.
1:38 of 2nd period - Stopped by Carey Price with a rebound.
1:42 of 2nd period - Snap shot by Mason Raymond.
1:42 of 2nd period - Shot Misses the Net.
1:44 of 2nd period - Slapshot by Thomas Hickey.
1:44 of 2nd period - Shot Blocked by Michael Stone.
1:46 of 2nd period - Wrist shot by Mark Arcobello.
1:46 of 2nd period - Stopped by Carey Price with a rebound.
2:26 of 2nd period - Wrist shot by Tyson Barrie.
2:26 of 2nd period - Shot Blocked by Nate Prosser.
2:28 of 2nd period - Snap shot by Matt Calvert.
2:28 of 2nd period - Shot Misses the Net.
2:40 of 2nd period - Icing by Stephen Gionta.
2:41 of 2nd period - John Mitchell wins face-off versus Stephen Gionta in Hurricanes zone.
2:46 of 2nd period - Snap shot by Erik Condra.
2:46 of 2nd period - Stopped by Brian Elliott without a rebound.
2:47 of 2nd period - Mikhail Grabovski wins face-off versus John Mitchell in Hurricanes zone.
3:02 of 2nd period - Slapshot by Roman Polak.
3:02 of 2nd period - Shot Misses the Net.
3:04 of 2nd period - Slapshot by Roman Polak.
3:04 of 2nd period - Shot Blocked by Dan Girardi.
3:06 of 2nd period - Slapshot by Mattias Ekholm.
3:06 of 2nd period - Stopped by Brian Elliott with a rebound.
3:18 of 2nd period - Wrist shot by Shawn Matthias.
3:18 of 2nd period - Deflect By John Mitchell.
3:18 of 2nd period - Shot Blocked by Fedor Tyutin.
3:18 of 2nd period - Puck is out of play.
3:19 of 2nd period - Patrick Marleau wins face-off versus Mike Fisher in Hurricanes zone.
3:28 of 2nd period - Snap shot by Brandon Dubinsky.
3:28 of 2nd period - Shot Misses the Net.
3:30 of 2nd period - Slapshot by Dmitry Kulikov.
3:30 of 2nd period - Shot Misses the Net.
4:35 of 2nd period - Snap shot by Fedor Tyutin.
4:35 of 2nd period - Shot Blocked by Dmitry Kulikov.
5:13 of 2nd period - Wrist shot by Jiri Tlusty.
5:13 of 2nd period - Stopped by Brian Elliott with a rebound.
5:21 of 2nd period - Ryan Nugent-Hopkins is hit by Dan Girardi and loses puck.
5:30 of 2nd period - Slapshot by Alex Chiasson.
5:30 of 2nd period - Shot Misses the Net.
5:58 of 2nd period - Wrist shot by Viktor Stalberg.
5:58 of 2nd period - Shot Blocked by Mattias Ekholm.
6:35 of 2nd period - Icing by Francois Beauchemin.
6:36 of 2nd period - Brandon Dubinsky wins face-off versus Mike Fisher in Hurricanes zone.
7:27 of 2nd period - Slapshot by Alex Chiasson.
7:27 of 2nd period - Stopped by Brian Elliott with a rebound.
7:31 of 2nd period - Snap shot by Jiri Tlusty.
7:31 of 2nd period - Shot Misses the Net.
7:33 of 2nd period - Wrist shot by Ryan Nugent-Hopkins.
7:33 of 2nd period - Stopped by Brian Elliott without a rebound.
7:34 of 2nd period - Mark Arcobello wins face-off versus Alex Chiasson in Hurricanes zone.
8:27 of 2nd period - Minor Penalty to Dave Bolland for Hooking.
8:28 of 2nd period - John Mitchell wins face-off versus Mikhail Grabovski in Lightning zone.
8:47 of 2nd period - Wrist shot by Radim Vrbata.
8:47 of 2nd period - Shot Blocked by Michael Stone.
8:49 of 2nd period - Wrist shot by Marian Gaborik.
8:49 of 2nd period - Shot Misses the Net.
9:31 of 2nd period - Patrick Marleau is hit by Thomas Hickey and loses puck.
10:27 of 2nd period - Penalty to Dave Bolland is over, Dave Bolland is back on ice.
10:52 of 2nd period - Minor Penalty to Stephen Gionta for Slashing.
10:53 of 2nd period - Ryan Nugent-Hopkins wins face-off versus Mike Fisher in Hurricanes zone.
10:58 of 2nd period - Snap shot by Alex Chiasson.
10:58 of 2nd period - Stopped by Brian Elliott without a rebound.
10:59 of 2nd period - Mike Fisher wins face-off versus Ryan Nugent-Hopkins in Hurricanes zone.
11:10 of 2nd period - Snap shot by Mike Fisher.
11:10 of 2nd period - Shot Blocked by Ryan Nugent-Hopkins.
11:12 of 2nd period - Snap shot by Brian Flynn.
11:12 of 2nd period - Stopped by Carey Price with a rebound.
11:14 of 2nd period - Backhand shot by Zbynek Michalek.
11:14 of 2nd period - Shot Misses the Net.
11:16 of 2nd period - Slapshot by Zbynek Michalek.
11:16 of 2nd period - Stopped by Carey Price without a rebound.
11:17 of 2nd period - Brandon Dubinsky wins face-off versus Mark Arcobello in Lightning zone.
11:27 of 2nd period - Slapshot by Marc Methot.
11:27 of 2nd period - Deflect By Mason Raymond.
11:27 of 2nd period - Stopped by Brian Elliott without a rebound.
11:28 of 2nd period - Mark Arcobello wins face-off versus Brandon Dubinsky in Hurricanes zone.
11:28 of 2nd period - Mark Arcobello is hit by Michael Stone.
12:13 of 2nd period - Minor Penalty to Brandon Dubinsky for High sticking.
12:14 of 2nd period - Mikhail Grabovski wins face-off versus Ryan Nugent-Hopkins in Lightning zone.
12:16 of 2nd period - Wrist shot by Radim Vrbata.
12:16 of 2nd period - Stopped by Carey Price with a rebound.
12:52 of 2nd period - Penalty to Stephen Gionta is over, Stephen Gionta is back on ice.
13:28 of 2nd period - Francois Beauchemin is hit by John Mitchell and loses puck.
14:13 of 2nd period - Penalty to Brandon Dubinsky is over, Brandon Dubinsky is back on ice.
14:31 of 2nd period - Michael Stone is hit by Brian Flynn and loses puck.
14:42 of 2nd period - Slapshot by Brian Flynn.
14:42 of 2nd period - Deflect By Stephen Gionta.
14:42 of 2nd period - Shot Misses the Net.
14:42 of 2nd period - Puck is out of play.
14:43 of 2nd period - Mark Arcobello wins face-off versus Dave Bolland in Lightning zone.
15:00 of 2nd period - Snap shot by Mason Raymond.
15:00 of 2nd period - Stopped by Carey Price without a rebound.
15:01 of 2nd period - Dave Bolland wins face-off versus Mark Arcobello in Lightning zone.
16:12 of 2nd period - Slapshot by Tyson Barrie.
16:12 of 2nd period - Shot Misses the Net.
16:14 of 2nd period - Wrist shot by John Mitchell.
16:14 of 2nd period - Deflect By Shawn Matthias.
16:14 of 2nd period - Stopped by Brian Elliott without a rebound.
16:15 of 2nd period - Ryan Nugent-Hopkins wins face-off versus Marian Gaborik in Hurricanes zone.
16:54 of 2nd period - Michael Stone is hit by Mikhail Grabovski and loses puck.
17:35 of 2nd period - Snap shot by Patrick Marleau.
17:35 of 2nd period - Stopped by Brian Elliott with a rebound.
17:37 of 2nd period - Slapshot by Roman Polak.
17:37 of 2nd period - Stopped by Brian Elliott without a rebound.
17:38 of 2nd period - Mike Fisher wins face-off versus John Mitchell in Hurricanes zone.
17:50 of 2nd period - Wrist shot by John Mitchell.
17:50 of 2nd period - Stopped by Brian Elliott with a rebound.
17:52 of 2nd period - Snap shot by Erik Condra.
17:52 of 2nd period - Deflect By John Mitchell.
17:52 of 2nd period - Shot Misses the Net.
17:52 of 2nd period - Puck is out of play.
17:53 of 2nd period - John Mitchell wins face-off versus Mike Fisher in Hurricanes zone.
18:12 of 2nd period - Wrist shot by Mike Fisher.
18:12 of 2nd period - Stopped by Carey Price with a rebound.
18:14 of 2nd period - Snap shot by Adam Henrique.
18:14 of 2nd period - Stopped by Carey Price with a rebound.
18:16 of 2nd period - Slapshot by Francois Beauchemin.
18:16 of 2nd period - Shot Misses the Net.
18:18 of 2nd period - Slapshot by Thomas Hickey.
18:18 of 2nd period - Shot Misses the Net.
18:20 of 2nd period - Wrist shot by Thomas Hickey.
18:20 of 2nd period - Shot Misses the Net.
18:22 of 2nd period - Wrist shot by Francois Beauchemin.
18:22 of 2nd period - Deflect By Mike Fisher.
18:22 of 2nd period - Shot Misses the Net.
18:22 of 2nd period - Puck is out of play.
18:23 of 2nd period - Brandon Dubinsky wins face-off versus Mark Arcobello in Lightning zone.
18:42 of 2nd period - Zbynek Michalek is hit by Ondrej Palat and loses puck.
18:49 of 2nd period - Snap shot by Patrick Marleau.
18:49 of 2nd period - Stopped by Brian Elliott with a rebound.
19:23 of 2nd period - Snap shot by Alex Chiasson.
19:23 of 2nd period - Stopped by Brian Elliott with a rebound.
19:39 of 2nd period - Snap shot by Jiri Tlusty.
19:39 of 2nd period - Goal by Jiri Tlusty - Lightning : 1 - Hurricanes : 1.
19:40 of 2nd period - Stephen Gionta wins face-off versus Dave Bolland in neutral zone.
19:43 of 2nd period - Slapshot by Francois Beauchemin.
19:43 of 2nd period - Shot Misses the Net.
19:45 of 2nd period - Slapshot by Francois Beauchemin.
19:45 of 2nd period - Deflect By Stephen Gionta.
19:45 of 2nd period - Shot Misses the Net.
19:45 of 2nd period - Puck is out of play.
19:46 of 2nd period - Stephen Gionta wins face-off versus Dave Bolland in Lightning zone.
19:51 of 2nd period - Slapshot by Francois Beauchemin.
19:51 of 2nd period - Shot Blocked by Dmitry Kulikov.
19:53 of 2nd period - Slapshot by Thomas Hickey.
19:53 of 2nd period - Stopped by Carey Price without a rebound.
19:54 of 2nd period - Dave Bolland wins face-off versus Stephen Gionta in Lightning zone.
19:56 of 2nd period - Minor Penalty to Matt Calvert for Holding.
19:57 of 2nd period - Mikhail Grabovski wins face-off versus Brandon Dubinsky in Lightning zone.
Goals for this period are 1 for Lightning vs 0 for Hurricanes.
Shots for this period are 14 for Lightning vs 10 for Hurricanes.

3rd period


0:01 of 3rd period - Mikhail Grabovski wins face-off versus Brandon Dubinsky in neutral zone.
0:05 of 3rd period - Off-side.
0:06 of 3rd period - Brandon Dubinsky wins face-off versus Mikhail Grabovski in neutral zone.
0:16 of 3rd period - Snap shot by Patrick Marleau.
0:16 of 3rd period - Stopped by Brian Elliott with a rebound.
0:18 of 3rd period - Snap shot by Michael Stone.
0:18 of 3rd period - Stopped by Brian Elliott without a rebound.
0:19 of 3rd period - Brandon Dubinsky wins face-off versus Mikhail Grabovski in Hurricanes zone.
0:30 of 3rd period - Slapshot by Patrick Marleau.
0:30 of 3rd period - Shot Blocked by Thomas Hickey.
0:34 of 3rd period - Wrist shot by Patrick Marleau.
0:34 of 3rd period - Shot Blocked by Francois Beauchemin.
0:48 of 3rd period - Slapshot by Patrick Marleau.
0:48 of 3rd period - Deflect By Brandon Dubinsky.
0:48 of 3rd period - Stopped by Brian Elliott without a rebound.
0:49 of 3rd period - John Mitchell wins face-off versus Mike Fisher in Hurricanes zone.
0:54 of 3rd period - Slapshot by Dmitry Kulikov.
0:54 of 3rd period - Deflect By John Mitchell.
0:54 of 3rd period - Stopped by Brian Elliott without a rebound.
0:55 of 3rd period - John Mitchell wins face-off versus Mike Fisher in Hurricanes zone.
1:56 of 3rd period - Penalty to Matt Calvert is over, Matt Calvert is back on ice.
2:22 of 3rd period - Snap shot by Brian Flynn.
2:22 of 3rd period - Shot Hit the Post.
2:24 of 3rd period - Slapshot by Brian Flynn.
2:24 of 3rd period - Shot Misses the Net.
2:26 of 3rd period - Snap shot by Brian Flynn.
2:26 of 3rd period - Stopped by Carey Price without a rebound.
2:27 of 3rd period - Stephen Gionta wins face-off versus Patrick Marleau in Lightning zone.
2:34 of 3rd period - Snap shot by Viktor Stalberg.
2:34 of 3rd period - Stopped by Carey Price without a rebound.
2:35 of 3rd period - Patrick Marleau wins face-off versus Mark Arcobello in Lightning zone.
2:35 of 3rd period - Patrick Marleau is hit by Fedor Tyutin.
2:38 of 3rd period - Minor Penalty to Roman Polak for High sticking.
2:39 of 3rd period - Mikhail Grabovski wins face-off versus Brandon Dubinsky in Lightning zone.
2:41 of 3rd period - Wrist shot by Radim Vrbata.
2:41 of 3rd period - Stopped by Carey Price with a rebound.
2:43 of 3rd period - Wrist shot by Francois Beauchemin.
2:43 of 3rd period - Deflect By Marian Gaborik.
2:43 of 3rd period - Shot Misses the Net.
2:43 of 3rd period - Puck is out of play.
2:44 of 3rd period - Mikhail Grabovski wins face-off versus Brandon Dubinsky in Lightning zone.
3:15 of 3rd period - Snap shot by Marian Gaborik.
3:15 of 3rd period - Stopped by Carey Price with a rebound.
3:38 of 3rd period - Michael Stone is hit by Francois Beauchemin and loses puck.
4:20 of 3rd period - Michael Stone is hit by Thomas Hickey and loses puck.
4:38 of 3rd period - Penalty to Roman Polak is over, Roman Polak is back on ice.
5:08 of 3rd period - Slapshot by Dan Girardi.
5:08 of 3rd period - Shot Hit the Post.
5:27 of 3rd period - Dmitry Kulikov is hit by Fedor Tyutin and loses puck.
7:57 of 3rd period - Snap shot by Patrick Marleau.
7:57 of 3rd period - Stopped by Brian Elliott with a rebound.
8:22 of 3rd period - Backhand shot by Jiri Tlusty.
8:22 of 3rd period - Stopped by Brian Elliott with a rebound.
8:24 of 3rd period - Slapshot by Michael Stone.
8:24 of 3rd period - Shot Misses the Net.
8:26 of 3rd period - Slapshot by Michael Stone.
8:26 of 3rd period - Shot Misses the Net.
8:28 of 3rd period - Slapshot by Marc Methot.
8:28 of 3rd period - Stopped by Brian Elliott without a rebound.
8:29 of 3rd period - Mikhail Grabovski wins face-off versus Brandon Dubinsky in Hurricanes zone.
8:40 of 3rd period - Wrist shot by Radim Vrbata.
8:40 of 3rd period - Shot Misses the Net.
8:44 of 3rd period - Snap shot by Marian Gaborik.
8:44 of 3rd period - Shot Misses the Net.
8:46 of 3rd period - Wrist shot by Dan Girardi.
8:46 of 3rd period - Stopped by Carey Price with a rebound.
8:48 of 3rd period - Wrist shot by Mikhail Grabovski.
8:48 of 3rd period - Goal by Mikhail Grabovski - Lightning : 1 - Hurricanes : 2.
8:49 of 3rd period - Ryan Nugent-Hopkins wins face-off versus Mike Fisher in neutral zone.
9:09 of 3rd period - Minor Penalty to Adam Henrique for Tripping.
9:10 of 3rd period - Mark Arcobello wins face-off versus Brandon Dubinsky in Hurricanes zone.
9:42 of 3rd period - Patrick Marleau is hit by Stephen Gionta and loses puck.
10:05 of 3rd period - Wrist shot by Ryan Nugent-Hopkins.
10:05 of 3rd period - Shot Misses the Net.
10:07 of 3rd period - Wrist shot by Ryan Nugent-Hopkins.
10:07 of 3rd period - Shot Misses the Net.
10:09 of 3rd period - Wrist shot by Michael Stone.
10:09 of 3rd period - Shot Misses the Net.
10:25 of 3rd period - Wrist shot by Alex Chiasson.
10:25 of 3rd period - Stopped by Brian Elliott with a rebound.
10:45 of 3rd period - Nate Prosser is hit by Ondrej Palat and loses puck.
11:09 of 3rd period - Penalty to Adam Henrique is over, Adam Henrique is back on ice.
11:10 of 3rd period - Off-side.
11:11 of 3rd period - Adam Henrique wins face-off versus Ryan Nugent-Hopkins in neutral zone.
11:34 of 3rd period - Wrist shot by Jiri Hudler.
11:34 of 3rd period - Stopped by Carey Price without a rebound.
11:35 of 3rd period - Dave Bolland wins face-off versus Mikhail Grabovski in Lightning zone.
11:50 of 3rd period - Snap shot by Nikolai Kulemin.
11:50 of 3rd period - Shot Misses the Net.
11:52 of 3rd period - Snap shot by Nikolai Kulemin.
11:52 of 3rd period - Shot Misses the Net.
12:26 of 3rd period - Snap shot by Jiri Hudler.
12:26 of 3rd period - Shot Misses the Net.
13:05 of 3rd period - Icing by Nate Prosser.
13:06 of 3rd period - Brandon Dubinsky wins face-off versus Mark Arcobello in Hurricanes zone.
13:25 of 3rd period - Wrist shot by Brandon Dubinsky.
13:25 of 3rd period - Shot Blocked by Zbynek Michalek.
13:27 of 3rd period - Slapshot by Brandon Dubinsky.
13:27 of 3rd period - Shot Misses the Net.
14:12 of 3rd period - Snap shot by Brian Flynn.
14:12 of 3rd period - Stopped by Carey Price with a rebound.
14:28 of 3rd period - Snap shot by Brian Flynn.
14:28 of 3rd period - Stopped by Carey Price with a rebound.
14:30 of 3rd period - Slapshot by Thomas Hickey.
14:30 of 3rd period - Stopped by Carey Price without a rebound.
14:31 of 3rd period - Dave Bolland wins face-off versus Mike Fisher in Lightning zone.
14:31 of 3rd period - Dave Bolland is hit by Dan Girardi.
16:12 of 3rd period - Snap shot by Marty Havlat.
16:12 of 3rd period - Stopped by Carey Price with a rebound.
16:57 of 3rd period - Wrist shot by Ryan Nugent-Hopkins.
16:57 of 3rd period - Stopped by Brian Elliott with a rebound.
17:01 of 3rd period - Wrist shot by Jiri Tlusty.
17:01 of 3rd period - Shot Misses the Net.
17:03 of 3rd period - Slapshot by Roman Polak.
17:03 of 3rd period - Shot Blocked by Zbynek Michalek.
17:05 of 3rd period - Slapshot by Mattias Ekholm.
17:05 of 3rd period - Stopped by Brian Elliott with a rebound.
17:07 of 3rd period - Snap shot by Roman Polak.
17:07 of 3rd period - Shot Blocked by Zbynek Michalek.
17:09 of 3rd period - Slapshot by Roman Polak.
17:09 of 3rd period - Shot Misses the Net.
17:11 of 3rd period - Slapshot by Roman Polak.
17:11 of 3rd period - Stopped by Brian Elliott without a rebound.
17:12 of 3rd period - Dave Bolland wins face-off versus Mike Fisher in Hurricanes zone.
17:17 of 3rd period - Snap shot by Matt Calvert.
17:17 of 3rd period - Stopped by Brian Elliott with a rebound.
17:34 of 3rd period - Minor Penalty to Dave Bolland for Roughing.
17:35 of 3rd period - John Mitchell wins face-off versus Mikhail Grabovski in Lightning zone.
17:35 of 3rd period - John Mitchell is hit by Marian Gaborik.
17:42 of 3rd period - Wrist shot by Marian Gaborik.
17:42 of 3rd period - Stopped by Carey Price with a rebound.
17:44 of 3rd period - Slapshot by Fedor Tyutin.
17:44 of 3rd period - Deflect By Michael Stone.
17:44 of 3rd period - Stopped by Carey Price without a rebound.
17:45 of 3rd period - John Mitchell wins face-off versus Marian Gaborik in Lightning zone.
18:09 of 3rd period - Wrist shot by Radim Vrbata.
18:09 of 3rd period - Stopped by Carey Price without a rebound.
18:10 of 3rd period - John Mitchell wins face-off versus Mike Fisher in Lightning zone.
18:23 of 3rd period - Snap shot by Francois Beauchemin.
18:23 of 3rd period - Stopped by Carey Price without a rebound.
18:24 of 3rd period - Mike Fisher wins face-off versus Brandon Dubinsky in Lightning zone.
18:33 of 3rd period - Slapshot by Jiri Hudler.
18:33 of 3rd period - Shot Misses the Net.
19:13 of 3rd period - Snap shot by Marian Gaborik.
19:13 of 3rd period - Shot Misses the Net.
19:15 of 3rd period - Slapshot by Fedor Tyutin.
19:15 of 3rd period - Stopped by Carey Price without a rebound.
19:16 of 3rd period - Mike Babcock call a timeout for Lightning.
19:16 of 3rd period - Brandon Dubinsky wins face-off versus Mikhail Grabovski in Lightning zone.
19:34 of 3rd period - Penalty to Dave Bolland is over, Dave Bolland is back on ice.
Goals for this period are 0 for Lightning vs 1 for Hurricanes.
Shots for this period are 12 for Lightning vs 16 for Hurricanes.


Output by the SimonT Hockey Simulator (STHS) for Eric Dolegowski -- Original Page W3C XHTML 1.0 Valid
Hockey Simulator - Hockey Simulation - Hockey Manager